 Dungeon Crawl Stone Soup version 0.28-a0-1241-gf280a0fbb2 (webtiles) character file.

Game seed: 260516765779561968

4 Gargoyl the Skirmisher (level 1, 0/23 HPs)
             Began as a Gnoll Abyssal Knight on Dec 26, 2021.
             Was an Initiate of Lugonu.
             Killed from afar by a dart slug (3 damage)
             ... with a slug dart
             ... on level 1 of the Dungeon.
             The game lasted 00:00:28 (179 turns).

Gargoyl the Skirmisher (Gnoll Abyssal Knight)        Turns: 179, Time: 00:00:29

Health: 0/23       AC:  3    Str: 12    XL:     1   Next: 60%
Magic:  3/3        EV:  9    Int:  9    God:    Lugonu [......]
Gold:   0          SH:  6    Dex: 12    Spells: 0/0 levels left

rFire   . . .      SeeInvis .   a - +1 hand axe
rCold   . . .      Faith    .   c - +0 kite shield
rNeg    . . .      Spirit   .   b - +0 leather armour
rPois   .          Reflect  .   (no helmet)
rElec   .          Harm     .   (no cloak)
rCorr   .          Rampage  .   (no gloves)
Will    .....                   (no boots)
Stlth   +.........              (no amulet)
HPRegen 0.07/turn               (no ring)
MPRegen 0.08/turn               (no ring)

@: no status effects
A: fangs 1, strong nose, distributed training
a: Renounce Religion


You were on level 1 of the Dungeon.
You worshipped Lugonu.
Lugonu was noncommittal.
You visited 1 branch of the dungeon, and saw 1 of its levels.
You visited the Abyss 1 time.

Inventory:

Hand Weapons
 a - a +1 hand axe (weapon)
Armour
 b - a +0 leather armour (worn)
 c - a +0 kite shield (worn)


   Skills:
 + Level 6.4 Fighting
 + Level 0.1 Short Blades
 + Level 0.1 Long Blades
 + Level 4.4 Axes
 + Level 0.1 Maces & Flails
 + Level 0.1 Polearms
 + Level 0.1 Staves
 + Level 0.1 Slings
 + Level 0.1 Bows
 + Level 0.1 Crossbows
 + Level 0.1 Throwing
 + Level 4.4 Armour
 + Level 2.4 Dodging
 + Level 0.1 Stealth
 + Level 0.1 Shields
 + Level 0.1 Unarmed Combat
 + Level 0.1 Spellcasting
 + Level 0.1 Conjurations
 + Level 0.1 Hexes
 + Level 0.1 Summonings
 + Level 0.1 Necromancy
 + Level 0.1 Translocations
 + Level 0.1 Transmutations
 + Level 0.1 Fire Magic
 + Level 0.1 Ice Magic
 + Level 0.1 Air Magic
 + Level 0.1 Earth Magic
 + Level 0.1 Poison Magic
 + Level 4.4 Invocations
 + Level 0.1 Evocations


You couldn't memorise any spells.
You didn't know any spells.
Your spell library was empty.

Dungeon Overview and Level Annotations

Branches:
Dungeon (1/15)

Altars:


Innate Abilities, Weirdness & Mutations

You have very sharp teeth.
Your uncanny sense of smell can sniff out nearby items.
Your experience applies equally to all skills.


Message History

The jackal bites you. x2
The dart slug launches a dart at you. The slug dart hits you.
The jackal bites you but does no damage.
Found a dagger.
You feel sick. The jackal misses you. The jackal barely misses you.
The dart slug launches a dart at you. The slug dart hits you.
The jackal bites you.
* * * LOW HITPOINT WARNING * * *
The jackal barely misses you.
Things that are here:
a +0 dagger of venom; a goblin corpse You hit the jackal.
The jackal is almost dead.
You miss the jackal. You hit the dart slug.
You feel sick. You block the jackal's attack. x2
The dart slug launches a dart at you. The slug dart misses you.
Unknown command.
You barely miss the jackal. You bite the jackal.
The jackal is almost dead.
You hit the jackal.
You kill the jackal!
Lugonu accepts your kill.
You hit the dart slug.
You feel sick.
The jackal bites you but does no damage.
You block the jackal's attack.
The dart slug bites you but does no damage.
You hit the jackal.
You kill the jackal!
Lugonu accepts your kill.
You hit the dart slug.
You feel sick.
You are no longer poisoned.
The dart slug bites you but does no damage.
Unknown command.
You hit the dart slug but do no damage.
The dart slug is heavily wounded.
The dart slug launches a dart at you. The slug dart hits you.
You die...

######.......)
#....#........
#....#........
#...........^#
#............# +
#.............
.#####.....†.......
#>##.......@.......
#.##.##.....w......
###'##.#############.
#>.....# #.<....#
#......# ########


You could see a dart slug.

Vanquished Creatures
  A goblin (D:1)
  2 jackals (D:1)
3 creatures vanquished.

Vanquished Creatures (others)
  9 starspawn tentacles (Abyss:1)
9 creatures vanquished.

Grand Total: 12 creatures vanquished

Notes
Turn   | Place    | Note
-------+----------+-------------------------------------------
     0 | Abyss:1  | Gargoyl the Gnoll Abyssal Knight began the quest for the
                  | Orb.
     0 | Abyss:1  | Reached XP level 1. HP: 23/23 MP: 3/3
    60 | Abyss:1  | Noticed a tentacled starspawn
   120 | Abyss:1  | Noticed a large abomination
   130 | Abyss:1  | Noticed a hellwing
   132 | Abyss:1  | Noticed a tentacled starspawn
   133 | D:1      | Escaped the Abyss
   179 | D:1      | Killed from afar by a dart slug

Illustrated notes

Levels and vault maps discovered:
D:1:      dpeg_arrival_connections, layout_basic,
          dreamdust_ecumenical_altar_angels_and_demons

Action                   || total
-------------------------++-------
Melee: Hand axe          ||     8
       Bite              ||     1
Invok: Depart the Abyss  ||     1
Armor: Leather armour    ||     4
Dodge: Dodged            ||     7
Block: Kite shield       ||     7

Table legend: (Time is in decaauts)
 A = Elapsed time spent in this place.
 B = Non-inter-level travel time spent in this place.
 C = Inter-level travel time spent in this place.
 D = Time resting spent in this place.
 E = Time spent auto-exploring this place.
 F = Levels seen in this place.
 G = Mean time per level.
                   A        B        C        D        E       F      G
               +--------+--------+--------+--------+--------+-----+--------+
         Total |    182 |    182 |      0 |      0 |     92 |   2 |   91.0 |
       Dungeon |     48 |     48 |      0 |      0 |     28 |   1 |   48.0 |
         Abyss |    134 |    134 |      0 |      0 |     64 |   1 |  134.0 |
               +--------+--------+--------+--------+--------+-----+--------+

Top non-repeatable levels by time:
 Abyss:1: 134 daAuts
     D:1: 48 daAuts
